 Dungeon Crawl Stone Soup version 0.14-a0-1637-gd423c14 (webtiles) character file.

48425 MackTheKnife the Basher (level 14, -14/121 HPs)
             Began as a White Draconian Artificer on Dec 23, 2013.
             Was the Champion of Kikubaaqudgha.
             Demolished by an orc knight
             ... wielding a -1,+0 orcish war axe
              (43 damage)
             ... on Level 3 of the Orcish Mines on Dec 26, 2013.
             The game lasted 01:18:52 (27180 turns).

MackTheKnife the Basher (DrAr)                     Turns: 27180, Time: 01:18:52

HP -14/121       AC 15     Str 14      XL: 14   Next:  9%
MP  21/26        EV 20     Int 13      God: Kikubaaqudgha [******]
Gold 806         SH  0     Dex 16      Spells:  5 memorised,  2 levels left

rFire  . . .     SeeInvis +     l - +5,+8 orc morningstar (pain)
rCold  + . .     Clarity  +     (armour unavailable)
rNeg   . . .     Conserve .     (no shield)
rPois  .         rCorr    .     (helmet restricted)
rElec  .         rRot     .     y - +0 dwarf cloak
SustAb . .       Spirit   .     N - +1 pair of gloves
rMut   .         Warding  .     w - +1 pair of boots
Saprov . . .     Stasis   .     a - amulet of clarity
                                W - ring of see invisible
                                F - +2 ring of protection

@: drained, somewhat resistant to hostile enchantments, fairly stealthy
A: breathe frost, unfitting armour, cold resistance 1, AC +8
a: Breathe Frost, Receive Corpses, Torment, Renounce Religion


You were on level 3 of the Orcish Mines.
You worshipped Kikubaaqudgha.
Kikubaaqudgha was exalted by your worship.
You were not hungry.

You visited 4 branches of the dungeon, and saw 22 of its levels.
You also visited: Labyrinth, Bailey and Ice Cave.

You collected 2068 gold pieces.
You spent 1262 gold pieces at shops.


Innate Abilities, Weirdness & Mutations

You can breathe waves of freezing cold.
You can buffet flying creatures when you breathe cold.
Your icy white scales are hard (AC +8).
Your body does not fit into most forms of armour.
Your cold-blooded metabolism reacts poorly to cold.
Your flesh is cold resistant.


   Skills:
 - Level 10.0(9.4) Fighting
   Level 1.0(0.5) Short Blades
 - Level 13.0(12.4) Maces & Flails
 + Level 12.6(12.0) Dodging
 - Level 0.8(0.3) Stealth
 - Level 5.0(4.5) Spellcasting
 - Level 12.0(11.4) Necromancy
 - Level 3.6(3.1) Evocations


You had 2 spell levels left.
You knew the following spells:

 Your Spells              Type           Power        Failure   Level  Hunger
g - Regeneration          Chrm/Necr      ###.......   8%          3    ###....
q - Dispel Undead         Necr           ####....     6%          5    #####..
x - Animate Dead          Necr           N/A          1%          4    ####...
z - Agony                 Necr           ####....     6%          5    #####..
Z - Control Undead        Necr           ####......   1%          4    ####...

Inventory:

Hand weapons
 l - a +5,+8 orcish morningstar of pain (weapon)
Armour
 w - a +1 pair of boots (worn)
 y - a +0 dwarven cloak (worn)
 N - a +1 pair of gloves (worn)
Magical devices
 b - a wand of digging (13)
 m - a wand of teleportation (2)
 L - a wand of lightning (0)
 R - a wand of digging (0)
 U - a wand of cold (0)
Comestibles
 i - 5 oranges
 j - a choko
Scrolls
 e - 3 scrolls of teleportation
 g - 2 scrolls of amnesia
 B - 5 scrolls of remove curse
 D - 5 scrolls of fear
 J - a scroll of blinking
Jewellery
 a - an amulet of clarity (around neck)
 h - an uncursed amulet of the gourmand
 F - a +2 ring of protection (left hand)
 P - an uncursed amulet of conservation
 W - a ring of see invisible (right hand)
Potions
 c - a potion of restore abilities
 n - a potion of curing
 r - a potion of resistance
 u - 4 potions of heal wounds
 H - 3 potions of magic
 Q - a potion of brilliance
 S - 2 potions of speed
Books
 p - a book of Power

   Spells                             Type                      Level
   Iskenderun's Mystic Blast          Conjuration                  4
   Venom Bolt                         Conjuration/Poison           5
   Bolt of Magma                      Conjuration/Fire/Earth       5
   Fulminant Prism                    Conjuration/Hexes            5
   Iron Shot                          Conjuration/Earth            6
   Orb of Destruction                 Conjuration                  7
Magical staves
 o - an uncursed staff of power {unknown}
Rods
 q - a +3 rod of destruction (11/11) {!a}
   (You found it in a labyrinth)
 s - a +4 lightning rod (12/12) {!a}
   (You found it in a labyrinth)

▒▒▒ ▒▒▒▒▒▒▒ ▒▒·▒▒▒▒▒
▒▒▒▒·····▒▒
▒▒······▒▒▒·▒·······▒
▒··················▒▒
▒▒·▒▒······▒ ▒▒▒▒▒
▒················▒▒
▒▒··▒▒


You could see an orc knight (frenzied).


Message History

There is a stone staircase leading down here.
You hit the orc knight but do no damage.
The orc knight writhes in agony.
The orc knight is lightly wounded.
You hit the orc knight.
The orc knight writhes in agony.
The orc knight is moderately wounded.
The orc knight hits you with an orcish war axe!
* * * LOW HITPOINT WARNING * * *
You hit the orc knight.
The orc knight writhes in agony.
The orc knight is heavily wounded.
The orc knight completely misses you.
You sock the orc knight!
The orc knight writhes in agony.
You tail-slap the orc knight, but do no damage.
The orc knight is severely wounded.
You barely miss the orc knight.
You tail-slap the orc knight, but do no damage.
The orc knight is severely wounded.
The orc knight hits you with an orcish war axe!
* * * LOW HITPOINT WARNING * * *
You barely miss the orc knight.
The orc knight is heavily wounded.
The orc knight hits you with an orcish war axe!
* * * LOW HITPOINT WARNING * * *
You hit the orc knight but do no damage.
The orc knight is heavily wounded.
You closely miss the orc knight.
The orc knight is heavily wounded.
The orc knight hits you with an orcish war axe!
You die...
Kikubaaqudgha rasps: "You have failed me!
Welcome... death!"

Action                   |  1- 3 |  4- 6 |  7- 9 | 10-12 | 13-15 || total
-------------------------+-------+-------+-------+-------+-------++-------
Melee: Short sword       |   158 |       |       |       |       ||   158
       Mace              |    27 |    23 |       |       |       ||    50
       Flail             |       |   138 |   117 |       |       ||   255
       Whip              |       |       |   369 |   965 |    95 ||  1429
       Morningstar       |       |       |       |       |   700 ||   700
 Cast: Animate Skeleton  |       |       |     1 |       |       ||     1
       Animate Dead      |       |       |       |    24 |    26 ||    50
       Dispel Undead     |       |       |       |     3 |       ||     3
       Regeneration      |       |       |       |     3 |       ||     3
       Agony             |       |       |       |       |     8 ||     8
Invok: Receive Corpses   |       |       |       |    12 |    14 ||    26
 Abil: Breathe Frost     |       |       |    20 |    19 |     9 ||    48
Evoke: Wand              |     7 |    16 |    14 |    14 |    11 ||    62
  Use: Potion            |       |     4 |     2 |     9 |     3 ||    18
       Scroll            |       |     9 |    14 |    14 |    26 ||    63
 Stab: Sleeping          |       |     1 |     2 |     6 |       ||     9
       Distracted        |       |     1 |     1 |     6 |     2 ||    10

Vault maps used:
D:1:      roderic_chinese_lattice_entry
D:3:      first_bread, baited_tele_trap, uniq_grinder
D:4:      minmay_temple_entry_trees
D:5:      tso_altar
D:6:      bloody_trog, amethyst_overflow_temple_binary, st_stairs_12,
          grunt_decor_resistance, hangedman_abyss_or_decor_stabs,
          hangedman_decor_lopped, uniq_pikel
D:7:      enter_bailey_2, grunt_livestock
D:8:      grunt_ministairs_1, serial_bayou_pond_b, david_defended_altar_orc
D:10:     special_room, serial_shops, shop
D:11:     minmay_lair_entry_lava, elyvilon_altar_3
D:12:     orc_0_dummy, lab_entry_generic, uniq_joseph
Temple:   circular_temple_pool_12
Orc:1:    uniq_psyche
Orc:3:    nicolae_orc_pool_cavern, uniq_maurice, uniq_grum
Orc:4:    portal_ice_cave_entry_pillars_02, grunt_orc_gardens, grunt_orc_garden,
          grunt_orc_garden, grunt_orc_garden, grunt_orc_garden
Lair:2:   st_stairs_12, lemuel_fruit_tree
Lair:4:   st_stairs_3, minivault_27, minivault_25, zaba_anthole, uniq_rupert
Lab:      labyrinth_spiral, nicolae_lab_hexagon, labyrinth_hungry_ghost,
          lab_hedge, nicolae_lab_garden, nicolae_lab_very_dead_end
Bailey:   bailey_axe_2, bailey
IceCv:    ice_cave_statue_garden_01

Notes
Turn   | Place    | Note
--------------------------------------------------------------
     0 | D:1      | MackTheKnife, the Draconian Artificer, began the quest for the Orb.
     0 | D:1      | Reached XP level 1. HP: 16/16 MP: 1/1
   257 | D:1      | Reached skill level 2 in Dodging
   487 | D:1      | Reached XP level 2. HP: 21/23 MP: 3/3
   798 | D:1      | HP: 1/23 [giant gecko (3)]
  1309 | D:1      | Reached XP level 3. HP: 23/28 MP: 4/4
  2537 | D:2      | Reached skill level 1 in Maces & Flails
  2537 | D:2      | Reached XP level 4. HP: 33/36 MP: 6/6
  2926 | D:2      | Reached skill level 2 in Maces & Flails
  3299 | D:3      | Noticed Grinder
  3310 | D:3      | Killed Grinder
  3310 | D:3      | Reached skill level 5 in Maces & Flails
  3310 | D:3      | Reached XP level 5. HP: 31/41 MP: 8/8
  3310 | D:3      | Reached XP level 6. HP: 36/48 MP: 9/9
  4155 | D:4      | Noticed ReteAZ's ghost (experienced DEFE)
  4349 | D:4      | Found a staircase to the Ecumenical Temple.
  4358 | Temple   | Entered the Ecumenical Temple
  4379 | Temple   | Became a worshipper of Kikubaaqudgha
  4560 | D:4      | Reached skill level 6 in Maces & Flails
  4718 | D:4      | Reached skill level 3 in Dodging
  4721 | D:4      | Your scales start taking on an icy white colour.
  4721 | D:4      | Gained mutation: Your flesh is cold resistant. [draconian maturity]
  4721 | D:4      | Reached XP level 7. HP: 38/53 MP: 11/11
  4901 | D:5      | Entered Level 5 of the Dungeon
  5042 | D:5      | Acquired Kikubaaqudgha's first power
  5042 | D:5      | Received a gift from Kikubaaqudgha
  5045 | D:5      | Identified Kikubaaqudgha's Guide on Evil (Kikubaaqudgha gifted it to you on level 5 of the Dungeon)
  5048 | D:5      | Learned a level 1 spell: Animate Skeleton
  5370 | D:5      | Reached skill level 4 in Dodging
  5380 | D:5      | Reached skill level 7 in Maces & Flails
  5608 | D:5      | Found a glowing golden altar of the Shining One.
  5668 | D:6      | Noticed Pikel
  5674 | D:6      | Killed Pikel
  5674 | D:6      | Reached skill level 8 in Maces & Flails
  5674 | D:6      | Reached skill level 5 in Dodging
  5674 | D:6      | Reached XP level 8. HP: 56/61 MP: 12/12
  5705 | D:6      | Found a bloodstained altar of Trog.
  5752 | D:6      | Reached skill level 6 in Dodging
  5857 | D:6      | Found a white marble altar of Elyvilon.
  5862 | D:6      | Found a sparkling altar of Nemelex Xobeh.
  6045 | D:6      | Acquired Kikubaaqudgha's second power
  6325 | D:7      | Noticed HollowCharge's ghost (experienced OgGl)
  6622 | D:7      | Reached skill level 7 in Dodging
  6736 | D:7      | Found a flagged portal.
  6845 | Bailey   | Entered a bailey
  7248 | Bailey   | Received a gift from Kikubaaqudgha
  7249 | Bailey   | Identified Kikubaaqudgha's Reference Book on Unholy Rites (Kikubaaqudgha gifted it to you in a bailey)
  7272 | Bailey   | Reached XP level 9. HP: 42/67 MP: 14/14
  7472 | D:7      | Reached skill level 8 in Dodging
  7864 | D:7      | Killed HollowCharge's ghost
  7864 | D:7      | Reached skill level 9 in Dodging
  8356 | D:7      | Reached skill level 10 in Dodging
  8617 | D:8      | Reached skill level 1 in Necromancy
  8638 | D:8      | Reached skill level 1 in Spellcasting
  8860 | D:8      | Reached skill level 2 in Necromancy
  8958 | D:8      | Reached skill level 2 in Spellcasting
  9086 | D:8      | Reached XP level 10. HP: 49/73 MP: 15/17
  9253 | D:8      | Reached skill level 10 in Necromancy
  9253 | D:8      | Reached XP level 11. HP: 79/79 MP: 18/18
  9257 | D:8      | Learned a level 2 spell: Lethal Infusion
  9262 | D:8      | Learned a level 4 spell: Animate Dead
  9268 | D:8      | Learned a level 5 spell: Dispel Undead
  9272 | D:8      | Learned a level 3 spell: Regeneration
  9311 | D:8      | Reached skill level 3 in Spellcasting
  9462 | D:8      | Found a roughly hewn altar of Beogh.
  9784 | D:9      | Reached skill level 4 in Spellcasting
 10102 | D:9      | Acquired Kikubaaqudgha's third power
 10277 | D:9      | Reached skill level 5 in Spellcasting
 10345 | D:9      | Reached skill level 2 in Fighting
 10757 | D:10     | Entered Level 10 of the Dungeon
 10758 | D:10     | Found Ocutinol's Assorted Antiques.
 10770 | D:10     | Bought 2 metallic white potions for 55 gold pieces
 11001 | D:10     | Found a roughly hewn altar of Beogh.
 11056 | D:10     | Acquired Kikubaaqudgha's fourth power
 11056 | D:10     | Reached skill level 9 in Maces & Flails
 11395 | D:10     | Noticed a hill giant
 11410 | D:10     | Killed a hill giant
 11955 | D:11     | Found a staircase to the Lair.
 11957 | D:11     | Noticed a hill giant
 11970 | D:11     | Killed a hill giant
 11970 | D:11     | Reached skill level 10 in Maces & Flails
 11982 | D:11     | Reached skill level 3 in Fighting
 12076 | D:11     | Found a white marble altar of Elyvilon.
 12125 | D:11     | Reached skill level 4 in Fighting
 12237 | D:11     | Noticed a hill giant
 12257 | D:11     | Killed a hill giant
 12320 | D:11     | Noticed an unseen horror
 12337 | D:11     | Killed an unseen horror
 12337 | D:11     | Reached skill level 5 in Fighting
 12481 | D:11     | Noticed a hill giant
 12492 | D:11     | Killed a hill giant
 12520 | D:11     | Reached skill level 6 in Fighting
 12914 | D:11     | Noticed a hill giant
 12922 | D:11     | Killed a hill giant
 12964 | D:11     | Reached XP level 12. HP: 61/97 MP: 15/24
 12970 | D:11     | Reached skill level 7 in Fighting
 13153 | Lair:1   | Entered Level 1 of the Lair of Beasts
 14050 | Lair:2   | Learned a level 5 spell: Agony
 14055 | Lair:2   | Learned a level 4 spell: Control Undead
 14067 | Lair:2   | Gained mutation: Your flesh is very cold resistant. [potion of mutation]
 14067 | Lair:2   | Gained mutation: Your vision is a little blurry. [potion of mutation]
 14067 | Lair:2   | Gained mutation: You are weak. (Str -2) [potion of mutation]
 14069 | Lair:2   | Lost mutation: You are weak. (Str -2) [potion of cure mutation]
 14069 | Lair:2   | Lost mutation: Your flesh is very cold resistant. [potion of cure mutation]
 14069 | Lair:2   | Lost mutation: Your vision is a little blurry. [potion of cure mutation]
 14176 | Lair:2   | Reached skill level 8 in Fighting
 14896 | Lair:2   | Reached skill level 9 in Fighting
 15633 | Lair:3   | Reached skill level 10 in Fighting
 16313 | Lair:4   | Reached skill level 11 in Necromancy
 17063 | Lair:4   | Noticed a four-headed hydra
 17066 | Lair:4   | Noticed an eight-headed hydra
 17068 | Lair:4   | Noticed Rupert
 17095 | Lair:4   | Killed a four-headed hydra
 17099 | Lair:4   | Killed an eight-headed hydra
 17099 | Lair:4   | Reached skill level 12 in Necromancy
 17135 | Lair:4   | Paralysed by Rupert for 3 turns
 17154 | Lair:4   | Killed Rupert
 17364 | Lair:4   | Noticed 4tharraofdagon's ghost (powerful NaFE)
 17813 | Lair:4   | Reached skill level 11 in Maces & Flails
 18134 | Lair:5   | Reached XP level 13. HP: 105/113 MP: 25/25
 18683 | Temple   | Identified a +1,+6 orcish morningstar of pain (a -1,+4 orcish morningstar bloodied by Kikubaaqudgha)
 19159 | Lair:2   | Upgraded the game from 0.14-a0-1590-g25a9b7f to 0.14-a0-1626-g054e7ae
 19163 | Lair:2   | Upgraded the game from 0.14-a0-1626-g054e7ae to 0.14-a0-1637-gd423c14
 19272 | D:12     | Found a labyrinth entrance.
 19286 | D:12     | Reached skill level 12 in Maces & Flails
 19290 | Lab      | Entered a labyrinth
 19451 | Lab      | Identified a +3 rod of destruction (11/11) (You found it in a labyrinth)
 19492 | D:12     | Noticed Joseph
 19499 | D:12     | Killed Joseph
 20268 | D:12     | Found a staircase to the Orcish Mines.
 20551 | Orc:1    | Entered Level 1 of the Orcish Mines
 20644 | Orc:1    | Noticed Psyche
 20650 | Orc:1    | Killed Psyche
 20650 | Orc:1    | Reached skill level 13 in Maces & Flails
 22127 | Orc:3    | Noticed Grum
 22130 | Orc:3    | Found a staircase to the Elven Halls.
 22144 | Orc:3    | Killed Grum
 22524 | Orc:3    | Noticed an orc warlord
 22554 | Orc:3    | Killed an orc warlord
 22554 | Orc:3    | Reached skill level 11 in Dodging
 22568 | Orc:3    | Noticed Maurice
 22572 | Orc:3    | Killed Maurice
 23216 | Orc:4    | Entered Level 4 of the Orcish Mines
 23223 | Orc:4    | Found a frozen archway.
 23227 | IceCv    | Entered an ice cave
 23527 | Orc:4    | Found Qaolur's Antique Armour Emporium.
 24470 | Orc:4    | HP: 2/113 [ettin/dire flail (23)]
 25014 | Orc:4    | Reached skill level 12 in Dodging
 25159 | Orc:4    | Found Mnanalar's Jewellery Shop.
 25160 | Orc:4    | Noticed an orc warlord
 25201 | Orc:4    | Paralysed by an orc sorcerer for 4 turns
 25486 | Orc:4    | Found Fowawuar's Antique Weapon Shop.
 25697 | Orc:4    | Reached XP level 14. HP: 36/121 MP: 17/26
 26041 | Orc:4    | Bought a steaming lajatang for 875 gold pieces
 26042 | Orc:4    | Identified the cursed -1,+0 lajatang "Ucrecwe" {pain, +Rage rN+ SInv} (You bought it in a shop on level 4 of the Orcish Mines)
 26044 | Orc:4    | Bought a dazzling scimitar for 332 gold pieces
 26499 | Orc:3    | HP: 6/121 [orc warrior/orcish war axe (9)]
 27180 | Orc:3    | Demolished by an orc knight

Vanquished Creatures
  Rupert (Lair:4)
  An orc warlord (Orc:3)
  An ettin (Orc:4)
  A minotaur (Lab)
  2 hydras (Lair:4)
  The ghost of HollowCharge the Basher, an experienced OgGl of the Shining One (D:7)
  An orc high priest (Orc:4)
  2 ice statues (IceCv)
  4 orc knights
  4 hill giants
  Pikel (D:6)
  Joseph (D:12)
  An unseen horror (D:11)
  A griffon (Lair:2)
  4 orc sorcerers (Orc:4)
  2 cyclopes
  4 elephants (Lair:5)
  Maurice (Orc:3)
  A spiny frog (Lair:4)
  Psyche (Orc:1)
  An item mimic (Orc:3)
  A fire drake (D:11)
  3 trolls
  5 komodo dragons
  Grinder (D:3)
  A trapdoor spider (D:8)
  5 blink frogs
  3 slime creatures (D:12)
  3 basilisks
  18 reindeers
  An elephant slug (Lair:2)
  7 hippogriffs
  Grum (Orc:3)
  11 wolves
  2 wyverns
  2 manticores
  A mottled dragon (D:12)
  2 necrophages
  41 orc warriors
  2 porcupines
  8 ice beasts
  A black bear (D:5)
  A slave (D:6)
  3 sky beasts
  A human (D:7)
  11 ogres
  7 centaurs
  5 crocodiles
  5 wargs
  3 giant slugs
  3 big kobolds
  2 wyvern zombies
  2 agate snails
  A water moccasin (Lair:3)
  2 gnoll sergeants
  15 giant frogs
  A manticore skeleton (D:9)
  4 wights (D:9)
  2 giant frog zombies
  13 killer bees
  6 crimson imps
  A goliath beetle (D:9)
  2 jellies (D:8)
  A quasit (D:9)
  A giant frog skeleton (D:12)
  9 hounds
  A basilisk skeleton (D:10)
  20 orc priests
  A scorpion (D:9)
  A warg zombie (Orc:4)
  A black bear zombie (D:9)
  29 orc wizards
  6 iguanas
  9 worker ants
  15 sheep
  An ogre zombie (D:10)
  2 mummies
  A hound skeleton (D:5)
  18 adders
  22 gnolls
  5 giant centipedes
  16 green rats
  2 giant mites
  4 worms
  6 giant geckos
  An ooze (D:2)
  193 orcs
  16 bats
  A bat zombie (D:5)
  5 giant cockroaches
  29 goblins
  28 hobgoblins
  15 jackals
  9 quokkas
  2 ball pythons
  2 giant newts
  A giant newt skeleton (D:4)
  4 giant spores (D:7)
  38 kobolds
  A kobold skeleton (D:4)
  An orc skeleton (D:5)
  21 rats
  A rat zombie (D:6)
  31 ballistomycetes (D:7)
815 creatures vanquished.

Vanquished Creatures (collateral kills)
  A hill giant (D:11)
  2 black mambas (Lair:4)
  A spiny frog (Lair:3)
  A komodo dragon (Lair:3)
  2 blink frogs (Lair:2)
  4 reindeers
  2 wolves (Lair:4)
  2 hungry ghosts
  A porcupine (Lair:3)
  A black bear (D:11)
  2 ice beasts (IceCv)
  2 crocodiles
  A giant slug (Lair:3)
  A komodo dragon skeleton (D:10)
  2 agate snails
  A giant frog (Lair:3)
  2 water moccasins (Lair:3)
  An eye of draining (D:9)
  A killer bee (D:10)
  An orc priest (Orc:3)
  A hound (Lair:4)
  A giant frog skeleton (D:5)
  3 orc wizards
  2 sheep (Lair:5)
  6 green rats
  An adder (Lair:4)
  21 orcs
  2 bats
  A hobgoblin (D:11)
  3 jackals (Lair:3)
  8 kobolds
  2 quokkas
  5 butterflies (D:11)
  A fungus (Lair:4)
88 creatures vanquished.

Vanquished Creatures (others)
  A hydra zombie (Lair:4)
  A black mamba zombie (Lair:4)
  A slave (D:9)
  A centaur (D:6)
  A fire drake zombie (Lair:4)
  A water moccasin (D:6)
  2 hippogriff zombies
  4 reindeer zombies (Lair:4)
  4 wolf zombies
  A giant frog zombie (Lair:4)
  2 centaur zombies (D:11)
  A hound (D:6)
  A water moccasin zombie (Lair:3)
  5 warg zombies
  3 porcupine zombies
  A killer bee zombie (D:10)
  A crocodile zombie (Lair:3)
  A necrophage skeleton (D:9)
  A hound zombie (D:10)
  A crocodile skeleton (Lair:4)
  An adder zombie (Lair:3)
  A giant centipede zombie (D:11)
  A scorpion zombie (Lair:4)
  3 bat zombies
  A hobgoblin (D:6)
  A giant cockroach zombie (D:11)
  2 giant gecko zombies
  A giant newt zombie (Lair:4)
  A giant spore (D:7)
  7 goblin zombies
  4 hobgoblin zombies
  A kobold zombie (D:11)
  An orc skeleton (Orc:4)
  49 orc zombies
  A rat (D:6)
  2 rat zombies (Lair:4)
111 creatures vanquished.

Grand Total: 1014 creatures vanquished
